 Dungeon Crawl Stone Soup version 0.28-a0-780-g186eaea (webtiles) character file.

Game seed: 17414220685083146950

462 NeededCrab the Ruffian (level 6, 0/59 HPs)
             Began as a Troll Fighter on Nov 2, 2021.
             Was a Believer of Kikubaaqudgha.
             Succumbed to a killer bee's poison
             ... on level 4 of the Dungeon.
             The game lasted 00:08:04 (2606 turns).

NeededCrab the Ruffian (Troll Fighter)              Turns: 2606, Time: 00:08:04

Health: 0/59       AC:  4    Str: 25    XL:     6   Next: 79%
Magic:  5/5        EV:  8    Int:  6    God:    Kikubaaqudgha [**....]
Gold:   206        SH:  7    Dex:  9    Spells: 5/5 levels left

rFire   . . .      SeeInvis .     - Unarmed
rCold   . . .      Faith    .   b - +0 kite shield
rNeg    . . .      Spirit   .   a - +0 robe
rPois   .          Reflect  .   (helmet restricted)
rElec   .          Harm     .   (no cloak)
rCorr   .          Rampage  .   (gloves unavailable)
Will    .....                   (boots unavailable)
Stlth   +.........              (no amulet)
HPRegen 1.19/turn               (no ring)
MPRegen 0.09/turn               (no ring)

@: lethally poisoned (0 -> -10)
A: large, unfitting armour, claws 3, regeneration 1, shaggy fur 1, tough skin 1
a: Renounce Religion, Receive Corpses


You were on level 4 of the Dungeon.
You worshipped Kikubaaqudgha.
Kikubaaqudgha was pleased with you.
You visited 1 branch of the dungeon, and saw 4 of its levels.

You collected 206 gold pieces.

Inventory:

Missiles
 h - a throwing net (quivered)
Armour
 a - a +0 robe (worn)
 b - a +0 kite shield (worn)
Jewellery
 g - a +6 ring of dexterity
Scrolls
 d - 3 scrolls of magic mapping {unknown}
 f - 2 scrolls of teleportation {unknown}
 i - 4 scrolls of identify {unknown}
 j - a scroll of fog {unknown}
 l - a scroll of vulnerability {unknown}
 o - a scroll of brand weapon {unknown}
 p - a scroll of amnesia {unknown}
 r - a scroll of enchant armour {unknown}
Potions
 c - 2 potions of might
 e - a potion of ambrosia {unknown}
 k - a potion of flight {unknown}
 m - a potion of mutation {unknown}
 n - a potion of brilliance {unknown}
 q - a potion of curing {unknown}


   Skills:
 - Level 2.4 Fighting
 - Level 2.4 Dodging
 + Level 3.6 Shields
 * Level 5.1 Unarmed Combat
 * Level 3.1 Necromancy


You had 5 spell levels left.
You didn't know any spells.
Your spell library contained the following spells:

 Spells                   Type           Power      Damage    Failure   Level
 Pain                     Necr           12%        1d4       41%         1
 Sublimation of Blood     Necr           3%         N/A       54%         2
 Corpse Rot               Necr/Air       2%         N/A       77%         2
 Vampiric Draining        Necr           3%         2d6       78%         3
 Poisonous Vapours        Pois/Air       0%         N/A       93%         2
 Conjure Flame            Conj/Fire      0%         6-21      99%         3
 Ignite Poison            Fire/Tmut/Pois 0%         N/A       99%         3
 Animate Dead             Necr           1%         N/A       99%         4
 Sticky Flame             Conj/Fire      0%         2d3       100%        4
 Haunt                    Necr/Summ      0%         N/A       100%        7
 Infestation              Necr           1%         N/A       100%        8


Dungeon Overview and Level Annotations

Branches:
Dungeon (4/15)
 Temple: D:4-7

Altars:
Kikubaaqudgha
Sif Muna

Shops:
D:3 (

Annotations:
D:3 Sigmund
D:4 3 runed translucent doors, Caerwyn's ghost, novice OgFE


Innate Abilities, Weirdness & Mutations

You are too large for most types of armour.
You have claws for hands.
Your natural rate of healing is unusually fast.
You are covered in fur. (AC +1)
You have tough skin. (AC +1)


Message History

You barely miss the killer bee. The killer bee stings you.
The killer bee barely misses you.
You closely miss the killer bee. The killer bee barely misses you. x2
You claw the killer bee!
The killer bee is heavily wounded.
The killer bee stings you. x2
You closely miss the killer bee.
The killer bee is heavily wounded.
You block the killer bee's attack. The killer bee stings you!
You miss the killer bee.
The killer bee is heavily wounded.
The killer bee stings you! The killer bee stings you. x2
You barely miss the killer bee.
The killer bee is heavily wounded.
The killer bee stings you.
You are poisoned.
The killer bee poisons you! You block the killer bee's attack.
You are too injured to fight recklessly!
You are too injured to fight recklessly!
You feel sick. The killer bee barely misses you.
You feel sick.
There is an open door here.
You closely miss the killer bee.
The killer bee is heavily wounded.
You feel sick. The killer bee stings you. x2
* * * LOW HITPOINT WARNING * * *
You are more poisoned.
The killer bee poisons you! The killer bee stings you.
* * * LOW HITPOINT WARNING * * *
You miss the killer bee.
The killer bee is heavily wounded.
You feel very sick. The killer bee closely misses you.
The killer bee stings you.
* * * LOW HITPOINT WARNING * * *
You are lethally poisoned!
The killer bee poisons you!
You closely miss the killer bee.
The killer bee is heavily wounded.
You die...
Kikubaaqudgha rasps: "You have failed me!
Welcome... death!"

.####......##...##
..##....†.####...#
..#......##..#...##
........## ..##...#
.......## ..#)..## #.....##
#.##...# #....##
#..#...##### ##..##
#.##...#..### †'.##
#.y@...#....# ##########
#####.##...##
.........######.#....#...#
......#..#...#..........###
.....##..........#........#
...##....#.....##.....#...##
...#....###..##....#..#....#
...(...## #..##...#.......##
........###..##..##........#


You could see a killer bee.

Vanquished Creatures
  An ice beast (D:3)
  A black bear (D:3)
  A phantom (D:4)
  2 hounds (D:4)
  A bullfrog skeleton (D:4)
  A hound skeleton (D:4)
  Robin (D:3)
  2 adders
  A worm (D:2)
  4 dart slugs
  3 bats (D:2)
  3 endoplasms
  A giant cockroach (D:4)
  17 goblins
  4 hobgoblins
  10 jackals (D:1)
  5 kobolds
  A quokka (D:4)
  4 ball pythons
  2 frilled lizards (D:2)
  A quokka skeleton (D:4)
  2 rats
68 creatures vanquished.

Notes
Turn   | Place    | Note
-------+----------+-------------------------------------------
     0 | D:1      | NeededCrab the Troll Fighter began the quest for the Orb.
     0 | D:1      | Reached XP level 1. HP: 22/22 MP: 0/0
    30 | D:1      | You fall into a shaft and drop 1 floor!
   103 | D:2      | Reached XP level 2. HP: 29/29 MP: 1/1
   175 | D:1      | Reached skill level 3 in Unarmed Combat
   229 | D:1      | Found a faded altar of an unknown god.
   244 | D:1      | Prayed at the altar of an unknown god.
   244 | D:1      | Became a worshipper of Kikubaaqudgha
   244 | D:1      | Reached * piety under Kikubaaqudgha
   244 | D:1      | Received a gift from Kikubaaqudgha
   381 | D:1      | Reached XP level 3. HP: 36/36 MP: 2/2
  1156 | D:3      | Noticed Sigmund
  1222 | D:3      | Noticed an ice beast
  1229 | D:3      | Killed an ice beast
  1230 | D:3      | Reached skill level 1 in Necromancy
  1230 | D:3      | Reached XP level 4. HP: 26/44 MP: 3/3
  1230 | D:3      | Reached XP level 5. HP: 30/50 MP: 4/4
  1284 | D:3      | Found Matrioq's Weapon Shoppe.
  1290 | D:3      | Reached skill level 4 in Unarmed Combat
  1478 | D:3      | Noticed a black bear
  1492 | D:3      | Killed a black bear
  1584 | D:3      | Found a shimmering blue altar of Sif Muna.
  1586 | D:3      | Noticed Robin
  2212 | D:4      | Reached ** piety under Kikubaaqudgha
  2226 | D:4      | Reached XP level 6. HP: 53/59 MP: 5/5
  2317 | D:4      | Reached skill level 5 in Unarmed Combat
  2346 | D:3      | Killed Robin
  2447 | D:4      | Found a runed translucent gate.
  2448 | D:4      | Found a runed translucent gate.
  2477 | D:4      | Found a runed translucent gate.
  2485 | D:4      | Noticed Caerwyn's ghost (novice OgFE)
  2606 | D:4      | Succumbed to a killer bee's poison

Illustrated notes

Levels and vault maps discovered:
D:1:      kennysheep_arrival_seaside, layout_basic,
          ebering_ecumenical_altar_petrified
D:2:      layout_rooms
D:3:      layout_loops_ring, nicolae_overflow_hidden_temple, serial_shops,
          shop_statue, uniq_sigmund, uniq_robin
D:4:      minmay_razor_zed, layout_cave_pools,
          worldfamousw_hep_ancestral_shrine, gammafunk_ghost_necromancy,
          kennysheep_generic_room_5

Skill      XL: |  1  2  3  4  5  6 |
---------------+-------------------+-----
Unarmed Combat | 3 4 5 |  5.1
Shields        | 3 |  3.6
Necromancy     | 1 2 3 |  3.1
Fighting       | |  2.4
Dodging        | |  2.4

Action                   |  1- 3 |  4- 6 || total
-------------------------+-------+-------++-------
Melee: Unarmed           |    74 |   107 ||   181
Armor: Robe              |    29 |    25 ||    54
Dodge: Dodged            |    24 |    34 ||    58
Block: Kite shield       |    15 |    47 ||    62

Table legend: (Time is in decaauts)
 A = Elapsed time spent in this place.
 B = Non-inter-level travel time spent in this place.
 C = Inter-level travel time spent in this place.
 D = Time resting spent in this place.
 E = Time spent auto-exploring this place.
 F = Levels seen in this place.
 G = Mean time per level.
                   A        B        C        D        E       F      G
               +--------+--------+--------+--------+--------+-----+--------+
         Total |   2632 |   2481 |    151 |      2 |   2000 |   4 |  658.0 |
       Dungeon |   2632 |   2481 |    151 |      2 |   2000 |   4 |  658.0 |
               +--------+--------+--------+--------+--------+-----+--------+

Top non-repeatable levels by time:
     D:3: 1024 daAuts
     D:1: 582 daAuts
     D:4: 573 daAuts
     D:2: 452 daAuts
